 Dungeon Crawl Stone Soup version 0.17.1-3-g152610e (webtiles) character file.

2279 hannobal the Basher (level 8, -5/61 HPs)
             Began as a Demigod Assassin on Mar 9, 2016.
             Killed from afar by a gargoyle (26 damage)
             ... with a stone arrow
             ... on level 8 of the Dungeon on Mar 10, 2016.
             The game lasted 00:36:01 (8738 turns).

hannobal the Basher (Demigod Assassin)              Turns: 8738, Time: 00:36:02

Health: -5/61      AC: 13    Str: 23    XL:     8   Next: 95%
Magic:  0/10       EV:  8    Int: 15    God:
Gold:   289        SH:  0    Dex: 17    Spells: 1 memorised, 6 levels left

rFire  + . .     SeeInvis .     a - +0 flail (elec)
rCold  . . .     Clarity  .     e - +0 chain mail
rNeg   . . .     SustAt   +     (no shield)
rPois  .         Gourm    .     C - +0 helmet
rElec  .         Spirit   +     d - +1 cloak
rCorr  .         Warding  .     U - +0 pair of gloves
rMut   .         Stasis   .     (no boots)
MR     .....                    Z - amulet of guardian spirit
Stlth  ..........               G - ring of protection from fire
                                A - +5 ring of strength

@: very slightly contaminated, hasted, very quick, not resistant to hostile
enchantments, extremely unstealthy
A: high mp 1, sustain attributes
a: no special abilities


You were on level 8 of the Dungeon.
You were not hungry.

You visited 1 branch of the dungeon, and saw 8 of its levels.

You collected 289 gold pieces.

Inventory:

Hand Weapons
 a - a +0 flail of electrocution (weapon)
 b - a +0 blowgun
 h - a +0 trident
 m - the +5 hand axe of Fimbulwinter {chop, +Inv rElec rPois Str-3 Int+2}
   (You found it on level 7 of the Dungeon)

   It inflicts extra damage upon your enemies.
   It affects your strength (-3).
   It affects your intelligence (+2).
   It insulates you from electricity.
   It protects you from poison.
   It lets you turn invisible.
 p - a +1 long sword of freezing
 w - a +3 hunting sling
 z - a +2 mace of protection
 B - a +0 morningstar
 Q - a +0 hand crossbow
 S - a +2 dagger of venom
Missiles
 f - 6 curare-tipped needles
 j - 4 tomahawks
 u - 26 poisoned needles
 y - 9 bolts of flame
 F - 56 arrows
 H - 13 bolts
 M - 211 stones (quivered)
 V - 12 sling bullets
Armour
 d - a +1 cloak (worn)
 e - a +0 chain mail (worn)
 C - a +0 helmet (worn)
 L - a +2 buckler
 U - a +0 pair of gloves (worn)
Magical Staves
 c - an uncursed staff of poison
Jewellery
 v - an uncursed ring of see invisible
 A - a +5 ring of strength (left hand)
 D - an uncursed ring of ice
 G - a ring of protection from fire (right hand)
 R - an uncursed amulet of regeneration
 Y - a +4 ring of intelligence
 Z - an amulet of guardian spirit (around neck)
Scrolls
 i - 3 scrolls of identify
 k - 4 scrolls of teleportation
 n - a scroll of magic mapping
 r - 4 scrolls of remove curse
 N - a scroll of noise
 O - a scroll of fog
 X - a scroll of enchant weapon
Potions
 l - a potion of might
 o - a potion of brilliance
 s - 2 potions of flight
 t - a potion of heal wounds
 I - a potion of cancellation
 J - a potion of agility
 T - 2 potions of lignification
 W - a potion of magic
Books
 K - a book of Necromancy

   Spells                             Type                      Level
   a - Pain                           Necromancy                   1
   b - Animate Skeleton               Necromancy                   1
   c - Vampiric Draining              Necromancy                   3
   d - Regeneration                   Charms/Necromancy            3
   e - Animate Dead                   Necromancy                   4
   f - Control Undead                 Necromancy                   4
Comestibles
 g - 4 bread rations
 q - 3 meat rations
 E - 2 royal jellies


   Skills:
 - Level 2.1 Fighting
 - Level 3.6 Short Blades
 + Level 9.9 Maces & Flails
 - Level 2.0 Throwing
 - Level 2.6 Armour
 - Level 1.1 Dodging
 - Level 4.0 Stealth
 - Level 0.5 Necromancy


You had 6 spell levels left.
You knew the following spells:

 Your Spells              Type           Power        Failure   Level  Hunger
a - Animate Skeleton      Necr           N/A          99%         1    ##.....


Dungeon Overview and Level Annotations

Branches:
Dungeon (8/15)             Temple (0/1) D:4
   Lair: D:8-11

Shops:
D:4 }   D:7 ?

Annotations:
D:6 need dis/dig wand
D:7 orc sorc!


Innate Abilities, Weirdness & Mutations

You have an increased reservoir of magic (+10% MP).
Your attributes are resistant to harm.


Message History

You hit the gargoyle but do no damage.
The gargoyle is moderately damaged.
The gargoyle hurls a stone arrow at you.
The stone arrow hits you!
You closely miss the gargoyle.
The gargoyle is moderately damaged.
The gargoyle hurls a stone arrow at you.
The stone arrow hits you!
You hit the gargoyle.
The gargoyle is moderately damaged.
You hit the gargoyle but do no damage.
The gargoyle is moderately damaged.
The gargoyle hits you but does no damage.
You hit the gargoyle but do no damage.
The gargoyle is moderately damaged.
You hit the gargoyle but do no damage.
The gargoyle is moderately damaged.
The gargoyle hurls a stone arrow at you.
The stone arrow hits you!
You die...

... #.. .... #..###
######## #....#
##.#....# ####.#.###
#..#....#
.........###.##....#
#...[..........#
##.###....@....#
##.##...#.#9...#
#.....#.#.#....#
######.#.....#.#....#
##..))..###.....#....#
...#####....#.########
#### ...####..#
######>### ...
.#.....##


You could see a gargoyle.

Vanquished Creatures
  A hippogriff (D:7)
  4 wargs (D:7)
  An ice beast (D:7)
  A phantom (D:4)
  2 ogres
  7 wights
  A scorpion (D:5)
  2 crimson imps
  4 hounds
  3 orc priests
  A gnoll shaman (D:6)
  3 orc wizards
  3 iguanas
  6 worker ants
  A hound skeleton (D:7)
  A worker ant zombie (D:5)
  Robin (D:2)
  8 gnolls
  14 adders
  An ooze (D:1)
  3 adder skeletons
  4 worms
  8 giant geckos
  16 orcs
  5 giant cockroaches
  23 goblins
  10 hobgoblins
  7 jackals
  3 quokkas
  2 ball pythons
  7 bats
  A giant gecko skeleton (D:5)
  7 giant newts
  11 kobolds
  4 rats
176 creatures vanquished.

Notes
Turn   | Place    | Note
--------------------------------------------------------------
     0 | D:1      | hannobal the Demigod Assassin began the quest for the Orb.
     0 | D:1      | Reached XP level 1. HP: 17/17 MP: 3/3
    80 | D:1      | Reached skill level 1 in Dodging
   177 | D:1      | Reached XP level 2. HP: 14/24 MP: 4/4
  1163 | D:2      | Reached skill level 4 in Stealth
  1171 | D:2      | Reached XP level 3. HP: 29/29 MP: 5/5
  1247 | D:2      | Found a sparkling altar of Nemelex Xobeh.
  1384 | D:2      | Found a shattered altar of Ashenzari.
  2022 | D:2      | Found a stormy altar of Qazlal.
  2265 | D:2      | Reached XP level 4. HP: 36/36 MP: 6/6
  3110 | D:3      | Reached skill level 1 in Maces & Flails
  3526 | D:3      | Noticed Robin
  3736 | D:3      | Reached XP level 5. HP: 36/41 MP: 7/7
  3760 | D:2      | Killed Robin
  3918 | D:3      | Found a glowing golden altar of the Shining One.
  4227 | D:3      | Found a deep blue altar of Sif Muna.
  4624 | D:4      | Found a staircase to the Ecumenical Temple.
  4692 | D:4      | Found Moskuisch's Gadget Shoppe.
  4895 | D:4      | Reached XP level 6. HP: 48/48 MP: 8/8
  4994 | D:4      | Noticed an ogre
  5005 | D:4      | Killed an ogre
  5176 | D:4      | Noticed a phantom
  5191 | D:4      | Reached skill level 5 in Maces & Flails
  5220 | D:4      | Killed a phantom
  5264 | D:4      | Found a sparkling altar of Nemelex Xobeh.
  5271 | D:4      | Found a radiant altar of Vehumet.
  5443 | D:5      | Entered Level 5 of the Dungeon
  5478 | D:5      | Reached XP level 7. HP: 44/55 MP: 9/9
  5624 | D:5      | Reached skill level 6 in Maces & Flails
  5890 | D:5      | Found a burning altar of Makhleb.
  6528 | D:6      | Learned a level 1 spell: Animate Skeleton
  7291 | D:6      | Reached skill level 7 in Maces & Flails
  7628 | D:6      | Found a glowing silver altar of Zin.
  7873 | D:7      | Reached XP level 8. HP: 61/61 MP: 10/10
  7881 | D:7      | Reached skill level 8 in Maces & Flails
  7946 | D:7      | Found Esead's Magic Scroll Boutique.
  8203 | D:7      | Reached skill level 9 in Maces & Flails
  8486 | D:7      | Got a warped hand axe
  8487 | D:7      | Identified the +5 hand axe of Fimbulwinter {chop, +Inv rElec rPois Str-3 Int+2} (You found it on level 7 of the Dungeon)
  8517 | D:7      | Noticed an orc sorcerer
  8721 | D:8      | Noticed a gargoyle
  8738 | D:8      | Killed from afar by a gargoyle

Action                   |  1- 3 |  4- 6 |  7- 9 || total
-------------------------+-------+-------+-------++-------
Melee: Dagger            |   127 |    33 |       ||   160
       Whip              |       |    85 |       ||    85
       Mace              |       |   194 |    81 ||   275
       Flail             |       |       |   192 ||   192
 Fire: Blowgun           |    20 |    24 |       ||    44
       Hunting sling     |       |     5 |       ||     5
Throw: Stone             |     6 |    49 |    52 ||   107
       Throwing net      |       |       |     3 ||     3
       Tomahawk          |       |       |    15 ||    15
  Use: Potion            |     8 |     4 |     7 ||    19
       Scroll            |     4 |     5 |     9 ||    18
 Stab: Sleeping          |    12 |     8 |       ||    20
       Invisible         |     2 |       |       ||     2
  Eat: Chunk             |     5 |    11 |     7 ||    23
       Beef jerky        |       |       |     2 ||     2
       Royal jelly       |       |       |     1 ||     1
       Pizza             |       |       |     1 ||     1
